AoeStats
← 瓦兰吉程咬金三板斧

Black Forest

510908950Analyzed
4v4 RM · 20h ago on Oct 3, 2026· 9m 35s· 8 players
Game mode
Random Map
Map size
Large (8 player)
Population
200
Speed
Normal
Resources
Standard
Victory
Conquest
Starting age
Dark Age
Ending age
Imperial Age
RankedLock teamsTeams togetherTeam positionsShared explorationLock speedFull tech treeHidden civsTurbo modeCheats
Victory
Defeat
🇧🇷 Bengalis · Brazil
1489
+13
🇧🇷 Berbers · Brazil
1480
+13
🇧🇷 Vikings · Brazil
1419
+16
🇧🇷 Aztecs · Brazil
1373
+18
🇺🇸 Koreans · United States
1444
-16
1442
-16
🇹🇼 Shu · Taiwan
1419
-15
🇲🇽 Malay · Mexico
1378
-13
Marchantia
robecha18
0:46 Loom
10:43 Feudal Age
WILL_THE_AVERAGE
1:02 Loom
瓦兰吉程咬金三板斧
8:15 Loom
Lord BELO
0:32 Loom
11:22 Feudal Age
Tesla_G
AXEL2904
1:14 Loom
11:28 Feudal Age
AeroSpeed
5:17 Loom
Connection lost

Rejoining the realm…

Still unreachable

The connection could not be restored.

Session expired

The server has moved on; the page needs a fresh start.